 Dungeon Crawl Stone Soup version 0.26.1-11-gd32895ea62 (webtiles) character file.

Game seed: 12759366261111363730

1425 ubername the Digger (level 8, -2/43 HPs)
             Began as a Gargoyle Earth Elementalist on May 21, 2021.
             Slain by Prince Ribbit (11 damage)
             ... on level 6 of the Dungeon.
             The game lasted 00:21:01 (7313 turns).

ubername the Digger (Gargoyle Earth Elementalist)   Turns: 7313, Time: 00:21:02

Health: -2/43      AC: 14    Str: 12    XL:     8   Next: 72%
Magic:  10/16      EV: 12    Int: 18    God:
Gold:   275        SH:  0    Dex: 12    Spells: 3/18 levels left

rFire    + . .     SeeInvis .   y - +5 flail (holy)
rCold    . . .     Faith    .   (no shield)
rNeg     + . .     Spirit   .   c - +1 robe
rPois    ∞         Reflect  .   a - +0 helmet
rElec    +         Harm     .   u - +2 cloak
rCorr    .         Rampage  .   B - +1 pair of gloves
Will     .....                  (no boots)
Stlth    +++.......             (no amulet)
HPRegen  0.14/turn              p - ring of stealth
MPRegen  0.15/turn              w - ring of protection from fire

@: no status effects
A: agile 1, negative energy resistance 1, electricity resistance, unbreathing,
petrification resistance, miasma immunity, MP-powered wands, AC +5
a: no special abilities


You were on level 6 of the Dungeon.
You visited 1 branch of the dungeon, and saw 6 of its levels.

You collected 275 gold pieces.

Inventory:

Hand Weapons
 l - a +4 quarterstaff of chaos
 s - a +0 flail
 v - a +1 mace of holy wrath
 y - a +5 flail of holy wrath (weapon)
Missiles
 b - 117 stones
 q - 3 poisoned darts (quivered)
Armour
 a - a +0 helmet (worn)
 c - a +1 robe (worn)
 o - a +0 buckler
 u - a +2 cloak (worn)
 B - a +1 pair of gloves (worn)
Jewellery
 p - a ring of stealth (left hand)
 r - an uncursed ring of resist corrosion
 w - a ring of protection from fire (right hand)
Wands
 g - a wand of polymorph (9)
 t - a wand of flame (12)
Scrolls
 f - 3 scrolls of fog
 k - 2 scrolls of identify
 m - a scroll of amnesia
 x - a scroll of teleportation
Potions
 d - 2 potions of flight
 e - a potion of degeneration {unknown}
 h - a potion of heal wounds
 i - 2 potions of mutation
 j - a potion of curing
 n - 2 potions of attraction
 z - a potion of invisibility {unknown}


   Skills:
 + Level 1.6 Fighting
 + Level 3.3 Maces & Flails
 + Level 2.7 Throwing
 + Level 2.3 Dodging
 + Level 3.4 Stealth
 + Level 0.4 Unarmed Combat
 * Level 5.7 Spellcasting
 + Level 1.6 Conjurations
 + Level 0.8 Transmutations
 * Level 7.6 Earth Magic


You had 3 spell levels left.
You knew the following spells:

 Your Spells              Type           Power        Failure   Level
a - Sandblast             Erth           64%          1%          1
b - Stone Arrow           Conj/Erth      42%          5%          3
c - Petrify               Tmut/Erth      20%          22%         4
d - Lee's Rapid Deconstr  Erth           16%          16%         5
e - Passwall              Tmut/Erth      16%          3%          2

Your spell library contained the following spells:

 Spells                   Type           Power        Failure   Level


Dungeon Overview and Level Annotations

Branches:
Dungeon (6/15)
 Temple: D:4-7

Altars:
Makhleb
Ru
Uskayaw
Xom

Annotations:
D:3 2 transporters
D:6 Prince Ribbit


Innate Abilities, Weirdness & Mutations

You are resistant to torment.
Your stone body is resilient. (AC +5)
You are immune to poison.
You resist negative energy. (rN+)
You are resistant to electric shocks. (rElec)
You can survive without breathing.
You are immune to petrification.
You are immune to miasma.
You are agile. (Dex +2)
You expend magic power (3 MP) to strengthen your wands.


Message History

Confirm with . or Enter, or press ? or * to list all spells.
Aiming: Stone Arrow (dangerous; 5% risk of failure)
Press: ? - help, Shift-Dir - straight line, f/p - Prince Ribbit
Aim: Prince Ribbit (50% to evade)
The stone arrow hits Prince Ribbit!
Prince Ribbit is moderately wounded.
Prince Ribbit hits you but does no damage.
Prince Ribbit closely misses you.
You closely miss Prince Ribbit.
Prince Ribbit is moderately wounded.
Prince Ribbit hits you! x2
You sock Prince Ribbit!
Prince Ribbit is heavily wounded.
Prince Ribbit hits you. Prince Ribbit hits you!
* * * LOW HITPOINT WARNING * * *
Prince Ribbit hits you but does no damage.
There is a stone staircase leading up here.
Prince Ribbit hits you!
You die...

###### ####....#
##.....>.#
###..##....#
#...###....#
#####
##.###...####
.....##..#...###
#.......###
##.@F.###
#....#.# #
#.#..#.## ...
#..#.##..##.....
#.. #.
##........ #. ..
####F.... ###
.... ... ..


You could see Prince Ribbit.

Vanquished Creatures
  Grinder (D:5)
  Sigmund (D:4)
  Edmund (D:5)
  An ogre (D:5)
  2 phantoms (D:5)
  A scorpion (D:4)
  2 bullfrog zombies (D:5)
  A quasit (D:5)
  A hound (D:5)
  Crazy Yiuf (D:3)
  A jelly (D:2)
  Ijyb (D:3)
  4 worker ants
  2 hound skeletons
  Robin (D:2)
  10 gnolls
  10 adders
  2 shadow imps (D:5)
  A white imp (D:5)
  2 oozes
  An adder skeleton (D:5)
  4 dart slugs
  A leopard gecko (D:5)
  An orc (D:5)
  A ball python (D:1)
  6 bats
  3 giant cockroaches
  11 goblins
  11 hobgoblins
  2 jackals (D:5)
  A quokka (D:3)
  A ball python skeleton (D:4)
  5 frilled lizards
  4 kobolds
  10 rats
108 creatures vanquished.

Notes
Turn   | Place    | Note
-------+----------+-------------------------------------------
     0 | D:1      | ubername the Gargoyle Earth Elementalist began the quest
                  | for the Orb.
     0 | D:1      | Reached XP level 1. HP: 10/10 MP: 3/3
   292 | D:1      | Reached XP level 2. HP: 14/15 MP: 0/5
  1160 | D:2      | Reached XP level 3. HP: 14/19 MP: 6/6
  1166 | D:2      | Reached skill level 4 in Earth Magic
  1427 | D:2      | Reached skill level 1 in Maces & Flails
  1427 | D:2      | Reached XP level 4. HP: 7/24 MP: 5/7
  1638 | D:2      | Found a sacrificial altar of Ru.
  2039 | D:2      | Found a shimmering altar of Xom.
  2222 | D:2      | Reached XP level 5. HP: 27/28 MP: 5/9
  2232 | D:2      | Found a burning altar of Makhleb.
  2646 | D:3      | Reached skill level 1 in Throwing
  2655 | D:3      | Noticed Robin
  2744 | D:2      | Killed Robin
  3086 | D:3      | Found a transporter.
  3108 | D:3      | Found a transporter.
  3335 | D:3      | Found a hide-covered altar of Uskayaw.
  3337 | D:3      | Noticed a +0 dagger
  3337 | D:3      | Noticed a +0 dagger
  3474 | D:3      | Noticed Ijyb
  3482 | D:3      | Killed Ijyb
  3483 | D:3      | Reached skill level 5 in Earth Magic
  3834 | D:3      | Found a runed translucent door.
  3835 | D:3      | Noticed Crazy Yiuf
  3841 | D:3      | Gained mutation: You are agile. (Dex +2) [potion of
                  | mutation]
  3841 | D:3      | Gained mutation: You expend magic power (3 MP) to
                  | strengthen your wands. [potion of mutation]
  3848 | D:3      | Killed Crazy Yiuf
  3849 | D:3      | Reached skill level 1 in Fighting
  3849 | D:3      | Reached XP level 6. HP: 29/34 MP: 5/10
  4856 | D:4      | Learned a level 3 spell: Stone Arrow
  4900 | D:4      | Noticed Sigmund
  4904 | D:4      | Killed Sigmund
  4905 | D:4      | Reached skill level 6 in Earth Magic
  4905 | D:4      | Reached XP level 7. HP: 38/38 MP: 8/13
  5128 | D:5      | Entered Level 5 of the Dungeon
  5164 | D:5      | Noticed Edmund
  5178 | D:5      | Killed Edmund
  5545 | D:5      | Reached skill level 5 in Spellcasting
  5608 | D:5      | Reached XP level 8. HP: 43/43 MP: 11/15
  5998 | D:5      | Learned a level 4 spell: Petrify
  6004 | D:5      | Learned a level 5 spell: Lee's Rapid Deconstruction
  6007 | D:5      | Learned a level 2 spell: Passwall
  6249 | D:5      | Noticed Grinder
  6260 | D:5      | Paralysed by Grinder for 4 turns
  6268 | D:5      | Killed Grinder
  6269 | D:5      | Reached skill level 1 in Conjurations
  6269 | D:5      | Reached skill level 7 in Earth Magic
  7299 | D:6      | Noticed Prince Ribbit
  7313 | D:6      | Slain by Prince Ribbit

Illustrated notes

Levels and vault maps discovered:
D:1:      grunt_arrival_crossed_arrows, layout_basic, hangedman_feature_mirror
D:2:      layout_loops_corners, old_standard_altar,
          lemuel_coloured_pillars_altar, nicolae_ru_awakened_eye
D:3:      gammafunk_steamed_eel, layout_loops_ring, dancing_weapons_uskayaw,
          uniq_robin, uniq_ijyb, uniq_crazy_yiuf_cottage
D:4:      layout_basic, chequers_serial_rivers_large_b, uniq_sigmund
D:5:      minmay_razor_zed, layout_gridville, uniq_grinder, uniq_edmund
D:6:      layout_rooms, lemuel_round_altar, general_overflow_altar,
          grunt_temple_overflow_cloverleaf, basic_altar, gammafunk_ghost_split,
          serial_shops, nicolae_shop_statue_plus, uniq_prince_ribbit1

Skill      XL: |  1  2  3  4  5  6  7  8 |
---------------+-------------------------+-----
Earth Magic    | 4 5 6 7 |  7.6
Maces & Flails | 1 2 3 |  3.3
Stealth        | 3 |  3.4
Dodging        | 2 |  2.3
Throwing       | 1 2 |  2.7
Spellcasting   | 3 4 5 |  5.7
Fighting       | 1 |  1.6
Conjurations   | 1 |  1.6
Unarmed Combat | |  0.4
Transmutations | |  0.8

Action                   |  1- 3 |  4- 6 |  7- 9 || total
-------------------------+-------+-------+-------++-------
Melee: Unarmed           |    14 |     1 |       ||    15
       Club              |    56 |     4 |       ||    60
       Flail             |       |    90 |    55 ||   145
       Punch             |       |     1 |       ||     1
Throw: Dart              |     1 |    66 |    34 ||   101
       Stone             |       |     6 |     2 ||     8
 Cast: Sandblast         |    13 |    61 |    18 ||    92
       Stone Arrow       |       |       |    23 ||    23
       Passwall          |       |       |     1 ||     1
       Petrify           |       |       |     1 ||     1
  Use: Scroll            |       |     8 |     5 ||    13
       Potion            |       |     8 |     1 ||     9
 Stab: Sleeping          |     3 |     4 |       ||     7
Armor: Robe              |    29 |    58 |    35 ||   122
Dodge: Dodged            |    63 |    94 |    49 ||   206
